 Dungeon Crawl Stone Soup version 0.20.1-1-g8b1a95d (webtiles) character file.

190 letownia2 the Grave Robber (level 5, -1/42 HPs)
             Began as a Deep Dwarf Necromancer on Oct 31, 2017.
             Killed from afar by an orc wizard (7 damage)
             ... with a puff of flame
             ... on level 4 of the Dungeon.
             The game lasted 00:04:26 (1464 turns).

letownia2 the Grave Robber (Deep Dwarf Necromancer) Turns: 1464, Time: 00:04:26

Health: -1/42      AC:  3    Str: 12    XL:     5   Next: 41%
Magic:  0/8        EV: 12    Int: 16    God:
Gold:   40         SH:  0    Dex: 13    Spells: 4/8 levels left

rFire    . . .     SeeInvis .   a - +0 dagger
rCold    . . .     Gourm    .   (no shield)
rNeg     . . .     Faith    .   l - +0 leather armour
rPois    .         Spirit   .   (no helmet)
rElec    .         Reflect  .   (no cloak)
rCorr    .         Harm     .   (no gloves)
MR       .....                  (no boots)
Stlth    ++........             (no amulet)
Regen    0.0/turn               (no ring)
MPRegen  0.2/turn               (no ring)

@: very slightly contaminated, non-regenerating
A: damage resistance, heal wounds, sense surroundings 1, no regeneration
a: Heal Wounds


You were on level 4 of the Dungeon.
You were not hungry.

You visited 1 branch of the dungeon, and saw 4 of its levels.

You collected 40 gold pieces.

Inventory:

Hand Weapons
 a - a +0 dagger (weapon)
 g - a +0 hand axe
 m - a +0 hand axe
Missiles
 n - 5 javelins (quivered)
Armour
 h - a +0 chain mail
 k - a +0 robe
 l - a +0 leather armour (worn)
Wands
 o - a wand of random effects (24/48)
Scrolls
 j - a scroll of random uselessness {unknown}
 p - a scroll of remove curse {unknown}
 r - a scroll of teleportation {unknown}
 s - a scroll of noise {unknown}
Potions
 e - 2 potions of brilliance {unknown}
 q - a potion of ambrosia {unknown}
Books
 b - a book of Necromancy

   Spells                             Type                      Level
   a - Pain                           Necromancy                   1
   b - Animate Skeleton               Necromancy                   1
   c - Vampiric Draining              Necromancy                   3
   d - Regeneration                   Charms/Necromancy            3
   e - Animate Dead                   Necromancy                   4
   f - Control Undead                 Necromancy                   4
Comestibles
 c - 4 bread rations
 d - 2 royal jellies
 f - a meat ration
 i - a chunk of flesh


   Skills:
 - Level 2.1 Dodging
 - Level 2.4 Stealth
 - Level 2.4 Spellcasting
 + Level 7.0 Necromancy


You had 4 spell levels left.
You knew the following spells:

 Your Spells              Type           Power        Failure   Level  Hunger
a - Pain                  Necr           ###.         1%          1    #......
v - Vampiric Draining     Necr           ###.......   4%          3    ###....


Dungeon Overview and Level Annotations

Branches:
Dungeon (4/15)
 Temple: D:4-7

Altars:
Yredelemnul

Shops:
D:4 :

Annotations:
D:4 exclusion: 2 slaves


Innate Abilities, Weirdness & Mutations

You are resistant to damage.
You can heal yourself by infusing magical energy.
You passively map a small area around you.
You do not regenerate.


Message History

You hit the orc wizard.
The orc wizard is moderately wounded.
The orc wizard hits you but does no damage.
You hit the orc wizard.
The orc wizard is moderately wounded.
The orc wizard hits you with a dagger.
* * * LOW HITPOINT WARNING * * *
Casting: Pain
Confirm with . or Enter, or press ? or * to list all spells.
Aiming: Pain
Press: ? - help, Shift-Dir - straight line, f - orc wizard
Aim: an orc wizard, wielding a dagger and wearing a robe (moderately wounded, chance to defeat MR: 83%)
The orc wizard writhes in agony!
The orc wizard hits you with a dagger.
* * * LOW HITPOINT WARNING * * *
Unknown command.
You barely miss the orc wizard.
The orc wizard is almost dead.
The orc wizard points at you and mumbles some strange words.
The puff of flame hits you!
You die...

, ########## . , ##...##...##
*..o.###############..........#
..........ooo@................
..(.##############>.....).....
. * #..# #....w....... ,, #..#
##........... , * ##..#
##...#...... * * ##...#
#####.#..#. ##..#.# #..#..##
#..##.# #.##.##. #.###.#
#....##.


You could see an orc wizard and 2 orcs.

Vanquished Creatures
  An orc wizard (D:3)
  A worker ant (D:4)
  Natasha (thrice) (D:2)
  Terence (D:2)
  An adder (D:2)
  An ooze (D:2)
  A worm (D:4)
  A leopard gecko (D:4)
  2 orcs
  A hobgoblin (D:1)
  6 jackals
  2 quokkas (D:2)
  A bat (D:3)
  3 frilled lizards
  2 rats
27 creatures vanquished.

Notes
Turn   | Place    | Note
-------+----------+-------------------------------------------
     0 | D:1      | letownia2 the Deep Dwarf Necromancer began the quest for the Orb.
     0 | D:1      | Reached XP level 1. HP: 15/15 MP: 3/3
   153 | D:2      | Noticed Natasha
   159 | D:2      | Killed Natasha
   159 | D:2      | Reached XP level 2. HP: 22/22 MP: 0/5
   281 | D:2      | Noticed Terence
   287 | D:2      | Killed Terence
   287 | D:2      | Reached skill level 5 in Necromancy
   287 | D:2      | Reached XP level 3. HP: 26/28 MP: 0/6
   292 | D:2      | Learned a level 3 spell: Vampiric Draining
   563 | D:2      | Noticed Natasha
   575 | D:2      | Killed Natasha
   575 | D:2      | Reached XP level 4. HP: 15/36 MP: 0/7
   588 | D:2      | Reached skill level 6 in Necromancy
   927 | D:3      | Found a basalt altar of Yredelemnul.
   938 | D:2      | Noticed Natasha
   942 | D:2      | Killed Natasha
   942 | D:2      | Reached XP level 5. HP: 28/42 MP: 0/8
  1181 | D:4      | Noticed a slave
  1237 | D:4      | Reached skill level 7 in Necromancy
  1251 | D:4      | Noticed a slave
  1294 | D:4      | Found Plog's Book Boutique.
  1464 | D:4      | Killed from afar by an orc wizard

Skill      XL: |  1  2  3  4  5 |
---------------+----------------+-----
Spellcasting   | 2 |  2.4
Necromancy     | 5 6 7 |  7.0
Dodging        | |  2.1
Stealth        | |  2.4

Action                   |  1- 3 |  4- 6 || total
-------------------------+-------+-------++-------
Melee: Unarmed           |    18 |    15 ||    33
       Dagger            |       |    11 ||    11
 Cast: Pain              |    29 |     9 ||    38
       Vampiric Draining |     2 |    16 ||    18
  Eat: Chunk             |       |     4 ||     4
Armor: Robe              |     7 |     7 ||    14
       Leather armour    |       |     5 ||     5
Dodge: Dodged            |    26 |    48 ||    74
